Map: Newkirk Precinct TE (Void)

Players

MokaMokaMoka

  • Race: Protoss Protoss
  • League: Master
  • Spawn Location: 7:00

xKawaiian - Winner!

  • Race: Terran Terran
  • League: Grandmaster
  • Spawn Location: 5:00

VOD

Have the link to the VOD?

Description

Time

  • Played on: March 31, 2017, 6:26 p.m.
  • Length: 6:53
Show
View Real Time Build Order
Export as new Build Order

MokaMokaMoka Protoss 

Build Orders: 1 Gate Expand 

Get SALT Encoding   

  12  0:01  Probe (Chrono Boost)  
  13  0:11  Probe (Chrono Boost)  
  14  0:18  Pylon  
  14  0:22  Probe (Chrono Boost)  
  15  0:36  Probe (Chrono Boost)  
  15  0:37  Gateway  
  16  0:46  Assimilator, Probe (Chrono Boost)  
  18  0:57  Probe (Chrono Boost)  
  18  1:07  Probe (Chrono Boost)  
  19  1:20  Nexus  
  19  1:22  Probe (Chrono Boost)  
  20  1:36  Cybernetics Core, Probe (Chrono Boost)  
  21  1:41  Assimilator  
  22  1:47  Probe (Chrono Boost)  
  22  1:51  Pylon  
  22  1:57  Probe (Chrono Boost)  
  23  2:09  Warp Gate  
  23  2:11  Adept  
  23  2:13  Mothership Core (Chrono Boost)  
  27  2:32  Probe x2 (Chrono Boost)  
  27  2:36  Pylon  
  29  2:37  Pylon  
  29  2:43  Probe x2 (Chrono Boost)  
  30  2:53  Probe x2 (Chrono Boost)  
  30  2:58  Robotics Facility  
  32  3:02  Adept  
  32  3:04  Probe (Chrono Boost)  
  32  3:05  Probe (Chrono Boost)  
  36  3:14  Probe (Chrono Boost)  
  36  3:17  Probe (Chrono Boost)  
  38  3:25  Probe (Chrono Boost)  
  36  3:28  Gateway  
  36  3:29  Probe (Chrono Boost)  
  36  3:33  Pylon  
  37  3:35  Probe (Chrono Boost)  
  39  3:41  Probe (Chrono Boost)  
  39  3:46  Gateway, Observer, Probe (Chrono Boost)  
  40  3:56  Probe (Chrono Boost)  
  40  3:57  Probe (Chrono Boost)  
  40  4:02  Immortal  
  39  4:09  Probe (Chrono Boost)  
  44  4:10  Pylon  
  44  4:18  Probe (Chrono Boost)  
  42  4:29  Probe x2 (Chrono Boost)  
  44  4:41  Immortal, Stalker, Probe (Chrono Boost)  
  44  4:42  Stalker  
  44  4:43  Stalker  
  50  5:02  Pylon  
  50  5:03  Pylon  
  50  5:04  Stalker  
  50  5:05  Stalker  
  52  5:19  Stalker, Warp Prism  
  48  5:28  Stalker x2  
  39  5:39  Mothership Core (Chrono Boost)  
  41  5:45  Stalker  
  43  5:57  Pylon  
  43  6:05  Adept x2  
  47  6:25  Stalker x3  
Show
View Real Time Build Order
Export as new Build Order

xKawaiian Terran - Winner!

Build Orders: 1/1/1, Liberator Opening 

Get SALT Encoding   

  12  0:00  SCV  
  13  0:13  SCV  
  14  0:18  Supply Depot  
  14  0:25  SCV  
  15  0:34  Refinery  
  15  0:40  SCV  
  16  0:45  Barracks  
  16  0:52  SCV  
  17  1:04  SCV  
  18  1:20  SCV  
  19  1:33  Marine, Orbital Command  
  19  1:35  Factory  
  19  1:38  Refinery  
  20  1:42  Supply Depot  
  20  1:57  Barracks Reactor  
  20  2:00  SCV  
  21  2:12  SCV  
  22  2:20  Starport  
  22  2:23  Widow Mine  
  22  2:25  SCV  
  22  2:27  Supply Depot  
  25  2:34  Marine x2  
  27  2:45  SCV  
  28  2:51  Widow Mine  
  28  2:52  Marine x2  
  28  2:57  Medivac  
  34  3:04  Supply Depot  
  34  3:06  SCV  
  34  3:12  Marine  
  36  3:15  Liberator  
  36  3:19  SCV  
  37  3:24  Factory Tech Lab  
  37  3:30  Marine x2  
  42  3:48  Siege Tank, Supply Depot  
  42  3:49  Supply Depot  
  45  3:56  Marine x2  
  45  3:59  Liberator  
  47  4:14  Marine x2  
  50  4:30  SCV  
  51  4:31  Marine  
  51  4:32  Marine  
  51  4:36  Engineering Bay  
  53  4:40  Siege Tank  
  55  4:49  Marine x2  
  55  4:55  SCV  
  56  5:07  Marine x2  
  54  5:23  Siege Tank  
  54  5:25  Marine  
  58  5:34  Missile Turret  
  58  5:35  SCV  
  59  5:37  Marine  
  59  5:39  Supply Depot  
  59  5:47  Marine  
  59  5:55  Marine, Siege Tank  
  62  6:05  Marine  
  62  6:13  Marine  
  60  6:23  Marine  
  60  6:25  SCV  
  65  6:30  Marine  
Tags
 
Add a new tag
Caveats
  • Supply blocks, unpowered buildings, or Contaminate may cause inaccurate times.
  • Supply counts are checked every 10 seconds.